 Dungeon Crawl Stone Soup version 0.25.0-9-g26727b657a (webtiles) character file.

Game seed: 4014647623603872974

9 Esekla the Grasshopper (level 2, 0/16 HPs)
             Began as a Deep Elf Warper on June 20, 2020.
             Slain by a worker ant (4 damage)
             ... on level 3 of the Dungeon.
             The game lasted 00:01:56 (133 turns).

Esekla the Grasshopper (Deep Elf Warper)             Turns: 133, Time: 00:01:57

Health: 0/16       AC:  3    Str:  8    XL:     2   Next: 6%
Magic:  6/8        EV: 12    Int: 17    God:
Gold:   42         SH:  0    Dex: 14    Spells: 3/7 levels left

rFire    . . .     SeeInvis .   a - +0 falchion
rCold    . . .     Gourm    .   (no shield)
rNeg     . . .     Faith    .   b - +0 leather armour
rPois    .         Spirit   .   (no helmet)
rElec    .         Reflect  .   (no cloak)
rCorr    .         Harm     .   (no gloves)
MR       .....                  (no boots)
Stlth    +.........             (no amulet)
HPRegen  0.05/turn              (no ring)
MPRegen  0.11/turn              (no ring)

@: shrouded
A: no striking features
a: no special abilities


You were on level 3 of the Dungeon.
You were not hungry.

You visited 1 branch of the dungeon, and saw 4 of its levels.

You collected 42 gold pieces.

Inventory:

Hand Weapons
 a - a +0 falchion (weapon)
Missiles
 e - a boomerang of dispersal (quivered)
Armour
 b - a +0 leather armour (worn)
Scrolls
 d - a scroll of blinking
Comestibles
 f - a ration
 g - 2 chunks of flesh


   Skills:
 - Level 1.5 Fighting
 * Level 2.1 Long Blades
 + Level 1.0 Throwing
 - Level 0.7 Armour
 * Level 2.8 Dodging
 + Level 3.2 Spellcasting
 + Level 3.2 Translocations


You had 3 spell levels left.
You knew the following spells:

 Your Spells              Type           Power        Failure   Level  Hunger
a - Shroud of Golubria    Chrm/Tloc      #.....       19%         2    ##.....
b - Blink                 Tloc           N/A          10%         2    ##.....

Your spell library contained the following spells:

 Spells                   Type           Power        Failure   Level  Hunger
 Gell's Gravitas          Tloc           ##........   19%         3    ###....
 Lesser Beckoning         Tloc           ##........   19%         3    ###....
 Teleport Other           Tloc           ##......     19%         3    ###....
 Passage of Golubria      Tloc           N/A          52%         4    ####...


Dungeon Overview and Level Annotations

Branches:
Dungeon (4/15)
 Temple: D:4-7

Altars:


Message History

* * * LOW HITPOINT WARNING * * *
Casting: Shroud of Golubria (safe; 19% risk of failure)
Confirm with . or Enter, or press ? or * to list all spells.
Space distorts slightly along a thin shroud covering your body.
The worker ant closely misses you.
You barely miss the worker ant.
The worker ant is heavily wounded.
The worker ant bites you but does no damage.
The worker ant barely misses you.
You hit the worker ant but do no damage.
The worker ant is heavily wounded.
Your shroud bends the worker ant's attack away.
You barely miss the worker ant.
The worker ant is heavily wounded.
Your shroud bends the worker ant's attack away.
The worker ant closely misses you.
You hit the worker ant.
The worker ant is severely wounded.
The worker ant bites you.
You die...

#.#####.##.####.#
.###.#####.##.####.#
.........<......##.#
.###.#####.##.#.##.#
#.##......#
..####.#### #### #.#
###.# #@†.# #a###
#.# #.# #.# #.##
#..# ##.# #.#


You could see a worker ant.

Vanquished Creatures
  An adder (D:3)
  A frilled lizard (D:3)
2 creatures vanquished.

Notes
Turn   | Place    | Note
-------+----------+-------------------------------------------
     0 | D:1      | Esekla the Deep Elf Warper began the quest for the Orb.
     0 | D:1      | Reached XP level 1. HP: 12/12 MP: 6/6
    18 | D:1      | You fall into a shaft and drop 1 floor!
    57 | D:3      | Reached XP level 2. HP: 16/16 MP: 8/8
   107 | D:3      | Learned a level 2 spell: Shroud of Golubria
   110 | D:3      | Learned a level 2 spell: Blink
   133 | D:3      | Slain by a worker ant

Illustrated notes

Levels and vault maps discovered:
D:1:      minmay_arrival_five_plusses, layout_rooms, okawaru_ov_weapons_minmay
D:2:      layout_basic
D:3:      layout_loops_cross, gammafunk_temple_overflow_statue, first_ration,
          nicolae_gozag_cash_rules_everything_around_me
D:4:      layout_rooms, fedhas_ov_isle_minmay, uniq_menkaure

Skill      XL: |  1 |
---------------+----+-----
Long Blades    | 2 |  2.1
Fighting       | |  1.5
Throwing       | |  1.0
Armour         | |  0.7
Dodging        | |  2.8
Spellcasting   | |  3.2
Translocations | |  3.2

Action                   || total
-------------------------++-------
Melee: Falchion          ||    11
Throw: Boomerang         ||     4
 Cast: Shroud of Golubri ||     2
  Use: Potion            ||     1
Armor: Leather armour    ||     6
Dodge: Dodged            ||    15
       Rpst.: Falchion   ||     4
